 Dungeon Crawl Stone Soup version 0.28-a0-1235-g7c8fac35f0 (webtiles) character file.

Game seed: 11571385456969315172

347 Lavandula the Changer (level 6, 0/40 (44) HPs)
             Began as a Formicid Transmuter on Dec 25, 2021.
             Killed from afar by Dowan (15 damage)
             ... with a shard of ice
             ... on level 4 of the Dungeon.
             The game lasted 00:06:15 (3436 turns).

Lavandula the Changer (Formicid Transmuter)         Turns: 3436, Time: 00:06:16

HP:   0/40 (44)     AC:  2    Str: 16    XL:     6   Next: 90%
MP:   1/10          EV: 19    Int: 13    God:
Gold: 137           SH:  0    Dex: 16    Spells: 5/11 levels left

rFire   . . .      SeeInvis .     - Unarmed
rCold   . . .      Faith    .   (shield currently unavailable)
rNeg    . . .      Spirit   .   (armour currently unavailable)
rPois   x          Reflect  .   (helmet unavailable)
rElec   .          Harm     .   (cloak currently unavailable)
rCorr   .          Rampage  .   (gloves currently unavailable)
Will    .....                   (boots currently unavailable)
Stlth   +.........              (no amulet)
HPRegen 0.13/turn               (no ring)
MPRegen 0.12/turn               (no ring)

@: spider-form (expiring), wereblooded, drained
A: venomous fangs, permanent stasis, dig shafts and tunnels, tiny, (antennae 3),
four strong arms
a: End Transformation


You were on level 4 of the Dungeon.
You were a venomous arachnid creature.
You visited 1 branch of the dungeon, and saw 4 of its levels.

You collected 137 gold pieces.

Inventory:

Hand Weapons
 l - a +4 quarterstaff of chaos (melded)
Armour
 a - a +0 robe (melded)
 j - a +1 cloak (melded)
Jewellery
 m - a ring of ice
Scrolls
 b - 2 scrolls of vulnerability {unknown}
 d - a scroll of acquirement {unknown}
 f - a scroll of enchant weapon {unknown}
 g - 2 scrolls of teleportation {unknown}
 h - a scroll of noise {unknown}
 i - a scroll of enchant armour {unknown}
 k - 2 scrolls of fog {unknown}
Potions
 c - a potion of haste
 n - a potion of degeneration {unknown}
 o - a potion of invisibility {unknown}
 p - a potion of magic {unknown}
 r - a potion of brilliance {unknown}


   Skills:
 + Level 2.0 Fighting
 - Level 1.7 Dodging
 - Level 4.0 Unarmed Combat
 - Level 3.0 Spellcasting
 - Level 5.0 Transmutations
 - Level 4.0 Poison Magic


You had 5 spell levels left.
You knew the following spells:

 Your Spells              Type           Power      Damage    Failure   Level
a - Beastly Appendage     Tmut           28%        N/A       11%         1
b - Wereblood             Tmut           14%        N/A       13%         2
c - Spider Form           Tmut/Pois      13%        N/A       26%         3

Your spell library contained the following spells:

 Spells                   Type           Power      Damage    Failure   Level
 Ensorcelled Hibernation  Hex/Ice        2%         N/A       56%         2
 Ice Form                 Ice/Tmut       8%         N/A       82%         4


Dungeon Overview and Level Annotations

Branches:
Dungeon (4/15)
 Temple: D:4-7

Altars:
Ashenzari
Hepliaklqana

Annotations:
D:4 Dowan


Innate Abilities, Weirdness & Mutations

You are a venomous arachnid creature.
You have poisonous fangs.
You are tiny and dextrous.
Your spellcasting is less reliable in this form.
Your armour is entirely melded.
You are incapable of wielding weapons or throwing items.
You cannot be hasted, slowed, berserked, paralysed or teleported.
You can dig through walls and to a lower floor.
((You have a pair of large antennae on your head. (SInv)))
Your four strong arms can wield two-handed weapons with a shield.


Message History

You feel drained.
* * * LOW HITPOINT WARNING * * *
Unknown command.
It was a potion of heal wounds.
You feel much better.
Your transformation is almost over.
Duvessa hits you with a +4 short sword of draining!
You feel drained.
Unknown command.
You hit Duvessa.
You feel a bit better.
You kill Duvessa!
You hear a distant wail of despair.
Training target 3.0 for Spellcasting reached!
Your Spellcasting skill increases to level 3!
You need to enable at least one skill for training.
Your Fighting skill increases to level 2!
You aren't carrying any items that you can evoke.
Unknown command.
You bite Dowan!
Dowan is poisoned.
Dowan is moderately wounded.
You hiss as the wereblood boils in your veins!
Dowan seems to find hidden reserves of power!
Dowan drinks a potion.
Dowan is healed!
Dowan looks more healthy.
Dowan hits you with a +0 dagger.
Unknown command.
You hit Dowan.
Dowan is moderately wounded.
Dowan hits you with a +0 dagger.
Unknown command.
You completely miss Dowan.
Dowan is moderately wounded.
Dowan barely misses you.
Unknown command.
You hit Dowan.
Dowan is poisoned.
Dowan is moderately wounded.
You hiss as the wereblood boils in your veins!
Dowan says, "How can I live without her?"
Dowan closely misses you.
Dowan points at you and mumbles some strange words.
The shard of ice hits you!
You die...

.##.... #.....#
.......##.....#
........#.....#
........#.(...#
........#.....#
............#.....#
...........{{.....#
....###..>..#K#####
....#####+#{##.#s#
.........<..###e##
....K.......# ###
.....e.(e...#
))....<.....#
<...####...##
)###########
Z......# K......##


You could see Dowan (fast, very poisoned).

Vanquished Creatures
  Duvessa (D:4)
  A hound (D:2)
  Crazy Yiuf (D:2)
  An iguana (D:3)
  Terence (D:2)
  Robin (D:4)
  4 adders (D:2)
  2 worms
  5 dart slugs
  3 orcs (D:3)
  6 ball pythons
  2 endoplasms
  A giant cockroach (D:2)
  13 goblins
  6 hobgoblins
  3 jackals (D:1)
  5 quokkas
  6 bats
  3 frilled lizards
  7 kobolds
  3 rats
75 creatures vanquished.

Vanquished Creatures (others)
  3 fungi (D:2)
3 creatures vanquished.

Grand Total: 78 creatures vanquished

Notes
Turn   | Place    | Note
-------+----------+-------------------------------------------
     0 | D:1      | Lavandula the Formicid Transmuter began the quest for the
                  | Orb.
     0 | D:1      | Reached XP level 1. HP: 15/15 MP: 3/3
   101 | D:1      | Reached XP level 2. HP: 14/21 MP: 1/5
   892 | D:1      | Learned a level 2 spell: Wereblood
  1085 | D:2      | Reached XP level 3. HP: 26/26 MP: 4/6
  1109 | D:1      | Learned a level 3 spell: Spider Form
  1347 | D:2      | Reached skill level 1 in Poison Magic
  1542 | D:2      | Reached XP level 4. HP: 32/32 MP: 3/7
  1852 | D:2      | Noticed Terence
  1856 | D:2      | Killed Terence
  1861 | D:2      | Reached skill level 3 in Transmutations
  1861 | D:2      | Reached XP level 5. HP: 37/37 MP: 2/8
  2246 | D:2      | Found a runed translucent door.
  2247 | D:2      | Noticed Crazy Yiuf
  2258 | D:2      | Killed Crazy Yiuf
  2421 | D:3      | Reached skill level 4 in Transmutations
  2512 | D:3      | Found a hazy altar of Hepliaklqana.
  2645 | D:3      | Reached XP level 6. HP: 35/43 MP: 9/9
  3168 | D:4      | Noticed Robin
  3189 | D:4      | Killed Robin
  3190 | D:4      | Reached skill level 5 in Transmutations
  3286 | D:4      | Found a broken altar of Ashenzari.
  3286 | D:4      | Noticed Duvessa
  3286 | D:4      | Noticed Dowan
  3432 | D:4      | Killed Duvessa
  3436 | D:4      | Killed from afar by Dowan

Illustrated notes

Levels and vault maps discovered:
D:1:      dpeg_arrival_pond, layout_rooms, serial_glass, glass_columns_a,
          glass_columns_b, glass_columns_c, glass_columns_b, glass_columns_c,
          glass_columns_c, glass_columns_a, glass_columns_b, glass_columns_b,
          glass_columns_c, glass_columns_b, glass_columns_b, glass_columns_a,
          glass_columns_a, nicolae_figureground_pulse
D:2:      layout_basic, minmay_hedge_maze, minmay_pentomino_z4, uniq_terence,
          uniq_crazy_yiuf_cottage
D:3:      minmay_wonky_spiral, layout_loops_ring,
          mainiacjoe_overflow_cross_hatched, chequers_jeans
D:4:      layout_gridville, vehumet_crystals, mainiacjoe_overflow_24_doors,
          minmay_misc_feat_five, uniq_duvessa, uniq_natasha, uniq_robin

Skill      XL: |  1  2  3  4  5  6 |
---------------+-------------------+-----
Unarmed Combat | 4 |  4.0
Poison Magic   | 2 4 |  4.0
Transmutations | 3 4 5 |  5.0
Spellcasting   | 3 |  3.0
Fighting       | 2 |  2.0
Dodging        | |  1.7

Action                   |  1- 3 |  4- 6 || total
-------------------------+-------+-------++-------
Melee: Unarmed           |    65 |    76 ||   141
       Kick              |    10 |       ||    10
       Punch             |     2 |     1 ||     3
       Quarterstaff      |       |    34 ||    34
 Cast: Beastly Appendage |    11 |     1 ||    12
       Spider Form       |     4 |    11 ||    15
       Wereblood         |     1 |     6 ||     7
 Abil: End Transformatio |       |     1 ||     1
       Dig               |       |     1 ||     1
  Use: Potion            |       |     3 ||     3
Armor: Robe              |    14 |    12 ||    26
       Skin              |       |     5 ||     5
Dodge: Dodged            |    39 |    74 ||   113

Table legend: (Time is in decaauts)
 A = Elapsed time spent in this place.
 B = Non-inter-level travel time spent in this place.
 C = Inter-level travel time spent in this place.
 D = Time resting spent in this place.
 E = Time spent auto-exploring this place.
 F = Levels seen in this place.
 G = Mean time per level.
                   A        B        C        D        E       F      G
               +--------+--------+--------+--------+--------+-----+--------+
         Total |   3438 |   3276 |    162 |    246 |   2405 |   4 |  859.5 |
       Dungeon |   3438 |   3276 |    162 |    246 |   2405 |   4 |  859.5 |
               +--------+--------+--------+--------+--------+-----+--------+

Top non-repeatable levels by time:
     D:2: 1219 daAuts
     D:1: 1061 daAuts
     D:3: 971 daAuts
     D:4: 185 daAuts
